 Dungeon Crawl Stone Soup version 0.30-a0-778-g2ef04af (webtiles) character file.

Game seed: 3883027162782791896

86 malesh the Ruffian (level 4, -6/36 HPs)
             Began as a Ghoul Gladiator on Feb 15, 2023.
             Mangled by a gnoll
             ... wielding a +0 mace
              (7 damage)
             ... on level 2 of the Dungeon.
             The game lasted 00:02:53 (1092 turns).

malesh the Ruffian (Ghoul Gladiator)                Turns: 1092, Time: 00:02:53

Health: -6/36      AC:  4    Str: 19    XL:     4   Next: 50%
Magic:  3/3        EV: 10    Int:  3    God:
Gold:   157        SH:  6    Dex: 10    Spells: 3/3 levels left

rFire   + . .      SeeInvis .      - Unarmed
rCold   + + .      Faith    .    h - +0 kite shield
rNeg    + + +      Spirit   .    a - +0 leather armour
rPois   ∞          Reflect  .    b - +0 helmet
rElec   .          Harm     .    k - scarf {rC+ rF+}
rCorr   .          Rampage  .    (no gloves)
Will    .....                    (no boots)
Stlth   +                        (no amulet)
HPRegen 0.00/turn                (no ring)
MPRegen 0.08/turn                (no ring)

@: inhibited regen
A: claws 1, cold resistance 1, negative energy resistance 3, inhibited
regeneration, torment resistance 2, devour on kill
a: no special abilities


You were on level 2 of the Dungeon.
You visited 1 branch of the dungeon, and saw 2 of its levels.

You collected 157 gold pieces.

Inventory:

Armour
 a - a +0 leather armour (worn)
 b - a +0 helmet (worn)
 h - a +0 kite shield (worn)
 k - a scarf of resistance (worn)
Scrolls
 f - a scroll of magic mapping {unknown}
 i - 2 scrolls of identify {unknown}
 j - 3 scrolls of teleportation {unknown}
Potions
 e - a potion of brilliance {unknown}
 g - a potion of mutation {unknown}
 l - a potion of invisibility {unknown}
 m - a potion of lignification {unknown}


   Skills:
 + Level 2.2 Fighting
 + Level 1.8 Throwing
 + Level 1.0 Armour
 + Level 3.2 Dodging
 + Level 4.8 Unarmed Combat


You had 3 spell levels left.
You didn't know any spells.
Your spell library contained the following spells:

 Spells                   Type           Power      Damage    Failure   Level
 Kindle Blastsparks       Fire/Tloc/Air  0%         2d10      100%        3
 Fulminant Prism          Conj/Hex       0%         3d5       100%        4
 Iskenderun's Mystic Bla  Conj/Tloc      0%         2d3       100%        4
 Lee's Rapid Deconstruct  Erth           0%         3d4*      100%        5


Dungeon Overview and Level Annotations

Branches:
Dungeon (2/15)

Altars:


Innate Abilities, Weirdness & Mutations

You are immune to poison.
You have sharp fingernails.
Your flesh is cold resistant. (rC+)
You are immune to negative energy. (rN+++)
You do not regenerate when monsters are visible.
You are immune to unholy pain and torment.
You thrive by killing the living.


Message History

The gnoll is severely wounded.
The gnoll struggles against the net.
You barely miss the gnoll.
The gnoll is severely wounded.
The gnoll struggles against the net.
You scratch the gnoll but do no damage.
The gnoll is severely wounded.
The gnoll struggles against the net. x2
The net rips apart, and the gnoll comes free!
You scratch the gnoll.
You kill the gnoll!
You feel better.
You claw the gnoll!
The gnoll is heavily wounded.
The gnoll hits you with a +0 club.
* * * LOW HITPOINT WARNING * * *
You closely miss the gnoll.
The gnoll is heavily wounded.
The gnoll hits you with a +0 club.
* * * LOW HITPOINT WARNING * * *
You claw the gnoll!
You kill the gnoll!
You feel better.
Throw: throwing net
Press: ? - help, Q - select action, (/) - cycle Shift-Dir - straight line, f - gnoll
Aim: a gnoll, wielding a +0 mace (60% to hit)
You throw a throwing net.
The throwing net barely misses the gnoll.
The gnoll barely misses you.
Throw: javelin
Press: ? - help, Q - select action Shift-Dir - straight line, f/p - gnoll
Aim: a gnoll, wielding a +0 mace (60% to hit)
You throw a javelin. The javelin pierces through the gnoll!
The gnoll is severely wounded.
You block the gnoll's attack. The gnoll hits you with a +0 mace.
* * * LOW HITPOINT WARNING * * *
You barely miss the gnoll.
The gnoll is severely wounded.
The gnoll hits you with a +0 mace!
You die...

.
#...###########
(.....g@......#
....#########.#
. #.# #.# #.#
#.# ..# #.# #.#
#.# #.# ##.##
#.#########...#


You could see a gnoll.

Vanquished Creatures
  2 adders (D:2)
  3 gnolls (D:2)
  A dart slug (D:1)
  7 bats (D:1)
  2 endoplasms
  A giant cockroach (D:2)
  3 hobgoblins (D:1)
  7 kobolds
  4 quokkas
  3 ball pythons (D:1)
  3 frilled lizards (D:1)
  5 rats
41 creatures vanquished.

Notes
Turn   | Place    | Note
-------+----------+-------------------------------------------
     0 | D:1      | malesh the Ghoul Gladiator began the quest for the Orb.
     0 | D:1      | Reached XP level 1. HP: 17/17 MP: 0/0
    76 | D:1      | Reached XP level 2. HP: 24/24 MP: 1/1
   280 | D:1      | Reached XP level 3. HP: 29/29 MP: 2/2
   621 | D:2      | Reached skill level 4 in Unarmed Combat
   850 | D:2      | Identified the +3 spear of Tenacity {spect, Dex+3}
   966 | D:2      | Reached skill level 1 in Armour
  1053 | D:2      | Reached XP level 4. HP: 36/36 MP: 3/3
  1091 | D:2      | HP: 1/36 [gnoll/+0 mace (5)]
  1092 | D:2      | Mangled by a gnoll

Illustrated notes

Levels and vault maps discovered:
D:1:      dpeg_arrival_round_c, layout_rooms
D:2:      layout_loops_ring, dreamdust_ecumenical_altar_drowned_temple

Skill      XL: |  1  2  3 |
---------------+----------+-----
Dodging        | 3 |  3.2
Unarmed Combat | 4 |  4.8
Armour         | 1 |  1.0
Fighting       | |  2.2
Throwing       | |  1.8

Action                     |  1- 3 |  4- 6 || total
---------------------------+-------+-------++-------
  Melee: Unarmed           |   109 |    15 ||   124
  Throw: Throwing net      |       |     3 ||     3
         Javelin           |       |     1 ||     1
   Stab: Held in net/web   |       |     1 ||     1
 Armour: Leather armour    |    49 |       ||    49
  Dodge: Dodged            |    73 |     2 ||    75
  Block: Kite shield       |    11 |     2 ||    13

Table legend: (Time is in decaauts)
 A = Elapsed time spent in this place.
 B = Non-inter-level travel time spent in this place.
 C = Inter-level travel time spent in this place.
 D = Time resting spent in this place.
 E = Time spent auto-exploring this place.
 F = Levels seen in this place.
 G = Mean time per level.
                   A        B        C        D        E       F      G
               +--------+--------+--------+--------+--------+-----+--------+
         Total |   1097 |   1079 |     18 |     36 |    745 |   2 |  548.5 |
       Dungeon |   1097 |   1079 |     18 |     36 |    745 |   2 |  548.5 |
               +--------+--------+--------+--------+--------+-----+--------+

Top non-repeatable levels by time:
     D:1: 612 daAuts
     D:2: 484 daAuts
